Map: Moondance

Players

DRG

  • Race: Zerg Zerg
  • Spawn Location: 12:00

Maru - Winner!

  • Race: Terran Terran
  • Spawn Location: 6:00

Event: DreamHack SC2 Masters 2022 Atlanta (Offline)

VOD

Have the link to the VOD?

Description

Time

  • Played on: Nov. 19, 2022, 1:01 p.m.
  • Length: 5:31

All games in this series

Show
View Real Time Build Order
Export as new Build Order

DRG Zerg 

Build Orders: Hatch First 

Get SALT Encoding   

  12  0:00  Drone  
  13  0:12  Overlord  
  13  0:16  Drone  
  14  0:30  Drone x2  
  16  0:47  Hatchery  
  15  0:50  Drone  
  15  0:54  Drone  
  18  0:57  Drone  
  18  1:08  Extractor  
  17  1:12  Spawning Pool  
  17  1:15  Drone  
  18  1:18  Drone  
  18  1:27  Drone  
  19  1:38  Drone  
  20  1:59  Zergling x4, Queen x2  
  26  2:02  Zergling x2  
  27  2:09  Overlord  
  27  2:11  Metabolic Boost  
  27  2:15  Drone  
  28  2:31  Drone  
  28  2:32  Spore Crawler  
  28  2:33  Drone  
  28  2:34  Drone  
  30  2:37  Drone  
  30  2:39  Queen  
  30  2:41  Queen  
  36  2:44  Overlord  
  36  2:51  Overlord  
  36  2:55  Overlord  
  36  3:03  Drone x2  
  36  3:04  Drone  
  37  3:10  Drone x3  
  40  3:14  Drone  
  40  3:15  Drone  
  41  3:20  Drone x2  
  41  3:22  Drone  
  42  3:28  Drone x2  
  44  3:41  Drone  
  44  3:44  Drone  
  44  3:47  Queen  
  48  3:49  Hatchery  
  48  3:52  Drone x2  
  48  3:54  Drone  
  48  3:55  Drone  
  51  3:58  Drone  
  52  4:07  Drone x4  
  52  4:09  Extractor  
  55  4:11  Evolution Chamber x2  
  55  4:15  Zergling x2  
  54  4:20  Zergling x2  
  54  4:21  Zergling x6  
  54  4:23  Overlord  
  58  4:25  Drone  
  58  4:30  Overlord  
  59  4:35  Overlord  
  59  4:39  Overlord  
  59  4:41  Queen, Drone  
  59  4:42  Overlord  
  59  4:43  Drone  
  63  4:53  Zergling x6  
  63  4:57  Zergling x6  
  69  5:00  Zergling x4  
  69  5:02  Zergling x2  
  72  5:08  Zergling x4  
  72  5:13  Zergling x2  
Show
View Real Time Build Order
Export as new Build Order

Maru Terran - Winner!

Build Orders:  

Get SALT Encoding   

  12  0:00  SCV  
  13  0:12  SCV  
  14  0:17  Supply Depot  
  14  0:24  SCV  
  15  0:38  SCV  
  15  0:40  Barracks  
  15  0:42  Refinery  
  16  0:50  SCV  
  17  0:58  Barracks  
  17  1:02  SCV  
  18  1:14  SCV  
  19  1:27  Reaper, Orbital Command  
  20  1:37  Supply Depot  
  20  1:45  Reaper  
  21  1:52  SCV  
  22  2:02  Reaper  
  22  2:04  SCV  
  24  2:11  Command Center  
  24  2:17  SCV  
  24  2:22  Marine  
  26  2:29  SCV  
  27  2:38  Barracks Reactor  
  27  2:41  SCV, Barracks  
  27  2:43  Barracks Tech Lab  
  28  2:47  Barracks  
  28  2:53  SCV  
  29  3:04  Marine  
  29  3:05  SCV  
  31  3:07  Stimpack  
  31  3:22  SCV, Marine x3  
  31  3:24  Orbital Command  
  35  3:29  Barracks Tech Lab  
  35  3:35  SCV  
  35  3:36  Refinery, Marine  
  35  3:38  Supply Depot  
  35  3:40  Marine  
  38  3:42  Marine x2  
  38  3:47  SCV  
  41  3:48  Marine  
  41  3:52  SCV, Combat Shield  
  41  3:54  Marine  
  44  3:58  Marine  
  44  3:59  Supply Depot  
  44  4:00  Marine x2  
  47  4:04  SCV  
  47  4:06  Marine  
  47  4:09  SCV  
  50  4:10  Supply Depot  
  50  4:12  Marine  
  50  4:16  Marine  
  52  4:18  Marine x2  
  52  4:22  SCV  
  55  4:24  Factory  
  55  4:25  SCV  
  55  4:27  Supply Depot  
  55  4:29  Marine  
  55  4:30  Marine  
  58  4:33  Marine  
  58  4:37  Engineering Bay, SCV  
  60  4:38  Marine  
  60  4:41  SCV  
  60  4:43  Marine  
  63  4:49  SCV  
  63  4:52  Marine x2  
  66  4:54  SCV  
  66  4:56  Supply Depot, Refinery  
  67  5:01  SCV  
  67  5:03  Marine x2  
  67  5:06  SCV  
  71  5:13  SCV, Starport  
  72  5:18  SCV  
  69  5:26  Factory Reactor  
Tags
 
Add a new tag
Caveats
  • Supply blocks, unpowered buildings, or Contaminate may cause inaccurate times.
  • Supply counts are checked every 10 seconds.